 Seeded DCSS version 0.30.1-9-gdf580d7c3d (webtiles) character file.

Game seed: 7547814903460644772 (custom seed)

7231 Psyclone the Nimble (level 10, -11/65 HPs)
             Began as a Deep Elf Venom Mage on Sept 27, 2023.
             Was an Initiate of Ashenzari.
             Mangled by a yak (14 damage)
             ... on level 9 of the Dungeon.
             The game lasted 00:28:24 (9376 turns).

Psyclone the Nimble (Deep Elf Venom Mage)           Turns: 9376, Time: 00:28:25

Health: -11/65     AC:  2    Str:  5    XL:     10   Next: 88%
Magic:  12/24      EV: 17    Int: 31    God:    Ashenzari [......]
Gold:   475        SH:  0    Dex: 15    Spells: 10/25 levels left

rFire   x . .        a - +4 dagger (venom)
rCold   + . .        (no shield)
rNeg    . . .        l - +0 robe
rPois   .            (no helmet)
rElec   .            (no cloak)
rCorr   .            (no gloves)
SInv    .            (no boots)
Will    +....        (no amulet)
Stlth   ++           E - ring of ice
HPRegen 0.30/turn    A - +6 ring of intelligence
MPRegen 0.19/turn

%: no passive effects
@: no status effects
A: no striking features
a: Renounce Religion, Curse Item


You were on level 9 of the Dungeon.
You worshipped Ashenzari.
Ashenzari was noncommittal.
You visited 1 branch of the dungeon, and saw 10 of its levels.
You also visited: Sewer.

You collected 475 gold pieces.

Inventory:

Hand Weapons
 a - a +4 dagger of venom (weapon)
Missiles
 B - a throwing net {!f}
Armour
 l - a +0 robe (worn)
 w - a +0 troll leather armour {Pargi}
Magical Staves
 F - a staff of cold
Jewellery
 v - a ring of wizardry
 A - a +6 ring of intelligence (right hand)
 E - a ring of ice (left hand)
Scrolls
 c - 4 scrolls of identify {unknown}
 f - 3 scrolls of enchant weapon {unknown}
 g - 3 scrolls of magic mapping {unknown}
 m - a scroll of poison {unknown}
 p - 2 scrolls of immolation {unknown}
 q - a scroll of vulnerability {unknown}
 r - 2 scrolls of teleportation {unknown}
 s - 2 scrolls of amnesia {unknown}
 u - 3 scrolls of enchant armour {unknown}
 y - a scroll of silence {unknown}
 D - a scroll of acquirement {unknown}
Potions
 b - 2 potions of magic
 d - 5 potions of attraction {unknown}
 e - a potion of resistance {unknown}
 h - a potion of cancellation {unknown}
 i - 4 potions of haste {unknown}
 j - a potion of curing {unknown}
 k - 2 potions of might {unknown}
 n - 3 potions of degeneration {unknown}
 o - a potion of brilliance {unknown}
 t - a potion of flight {unknown}
 x - 2 potions of mutation {unknown}
 C - a potion of berserk rage


   Skills:
 - Level 8.7 Fighting
 - Level 9.5 Dodging
 - Level 2.4 Stealth
 - Level 8.0 Spellcasting
 + Level 6.8 Conjurations
 - Level 1.1 Transmutations
 + Level 6.8 Ice Magic
 + Level 6.3 Air Magic
 - Level 8.0 Poison Magic


You had 10 spell levels left.
You knew the following spells:

 Your Spells              Type           Power      Damage    Failure   Level
a - Poisonous Vapours     Pois/Air       100%       N/A       1%          2
f - Freezing Cloud        Conj/Ice/Air   34%        6-21      7%          5
q - Blink                 Tloc           24%        N/A       6%          2
t - Apportation           Tloc           24%        N/A       4%          1
v - Sting                 Tmut/Pois      100%       1d8       1%          1
x - Olgreb's Toxic Radia  Pois           58%        N/A       1%          4

Your spell library contained the following spells:

 Spells                   Type           Power      Damage    Failure   Level
 Mephitic Cloud           Conj/Pois/Air  54%        N/A       1%          3
 Necrotise                Necr           48%        1d6       4%          1
 Summon Small Mammal      Summ           48%        N/A       4%          1
 Lesser Beckoning         Tloc           24%        N/A       6%          2
 Gell's Gravitas          Tloc           12%        N/A       12%         3
 Inner Flame              Hex/Fire       12%        N/A       12%         3
 Teleport Other           Tloc           12%        N/A       12%         3
 Manifold Assault         Tloc           12%        N/A       36%         4
 Yara's Violent Unravell  Hex/Tmut       7%         3d5       65%         5
 Enfeeble                 Hex            6%         N/A       100%        7
 Storm Form               Tmut/Air       17%        N/A       100%        7


Dungeon Overview and Level Annotations

Branches:
Dungeon (10/15) Zot: 26919  Temple (0/1) D:6           Sewer (visited)
   Lair: D:8-11         Orc: D:9-12

Altars:
Ashenzari
Cheibriados
Elyvilon
Fedhas
Gozag
Kikubaaqudgha
Makhleb
Nemelex Xobeh
Okawaru
Ru
Trog
Wu Jian
Yredelemnul
Zin

Shops:
D:5 (

Annotations:
D:3 1 runed translucent door, Crazy Yiuf
D:6 2 transporters, lonewolfV2's ghost, novice GrFi
D:8 exclusion: upstairs


Message History

Casting: Olgreb's Toxic Radiance (dangerous; 1% risk of failure)
Confirm with . or Enter, or press ? or * to list all spells.
Aiming: Poisonous Vapours (safe; 1% risk of failure)
Press: ? - help, Dir - move target, f - yak
Aim: a yak (heavily wounded, very poisoned) Poisonous vapours surround the yak!
The yak looks as sick as possible!
You kill the yak!
The yak looks even sicker.
The yak is poisoned.
The yak looks as sick as possible!
You now have 13/24 mp.
You feel much better.
The yak looks even sicker.
The yak looks as sick as possible!
The yak gores you.
You regained 17 hp, and now have 22/65 hp.
Casting: Poisonous Vapours (safe; 1% risk of failure)
Confirm with . or Enter, or press ? or * to list all spells.
Okay, then.
The yak looks even sicker. x2
Your toxic aura wanes.
You kill the yak!
Casting: Poisonous Vapours (safe; 1% risk of failure)
Confirm with . or Enter, or press ? or * to list all spells.
Aiming: Poisonous Vapours (safe; 1% risk of failure)
Press: ? - help, Dir - move target, f - yak
Aim: a yak (moderately wounded, very poisoned) Poisonous vapours surround the yak!
The yak looks as sick as possible!
The yak gores you.
* * * LOW HITPOINT WARNING * * *
You take 6 damage, and have 16/65 hp.
You now have 11/24 mp.
You hit the yak.
The yak is heavily wounded.
The yak gores you!
* * * LOW HITPOINT WARNING * * *
You take 13 damage, and have 3/65 hp.
Your +4 dagger of venom begins to drip with poison!
a - a +4 dagger of venom (weapon)
You hit the yak.
The yak looks as sick as possible!
The yak is severely wounded.
A kobold comes into view. It is wielding a +0 dagger.
The yak gores you!
You die...

# ....#########
YP.....>@YY†#
PP...######.....
.P. K.# . . .##
... .##


You could see 2 yaks and a kobold.

Vanquished Creatures
  2 wyverns
  4 yaks (D:9)
  A steam dragon (D:6)
  Duvessa (D:6)
  2 water moccasins
  Pargi (Sewer)
  4 black bears
  4 ogres
  4 centaurs
  A phantom (D:6)
  4 scorpions
  4 wights (D:5)
  Dowan (D:6)
  5 killer bees (D:10)
  A jelly (D:6)
  3 howler monkeys
  A sleepcap (D:5)
  4 orc priests
  2 gnoll boudas
  5 hounds
  Jessica (D:2)
  Natasha (thrice) (D:3)
  5 orc wizards
  8 gnolls
  8 adders
  A river rat (D:4)
  A shadow imp (D:7)
  2 white imps
  8 worms
  2 dart slugs
  18 orcs
  4 ball pythons
  4 bats
  4 endoplasms
  2 giant cockroaches
  9 goblins
  10 hobgoblins
  7 jackals
  2 quokkas (D:2)
  4 frilled lizards
  10 kobolds
  2 rats (D:1)
169 creatures vanquished.

Notes
Turn   | Place    | Note
-------+----------+-------------------------------------------
     0 | D:1      | Psyclone the Deep Elf Venom Mage began the quest for the
                  | Orb.
     0 | D:1      | Reached XP level 1. HP: 10/10 MP: 6/6
    33 | D:1      | Found a faded altar of an unknown god.
   102 | D:3      | Found a broken altar of Ashenzari.
   105 | D:3      | Became a worshipper of Ashenzari the Shackled
   213 | D:1      | Reached XP level 2. HP: 15/15 MP: 4/8
   793 | D:2      | Learned a level 2 spell: Poisonous Vapours
   937 | D:2      | Reached XP level 3. HP: 19/19 MP: 5/9
  1122 | D:2      | Reached skill level 5 in Poison Magic
  1465 | D:2      | Noticed Jessica
  1468 | D:2      | Killed Jessica
  1469 | D:2      | Reached XP level 4. HP: 20/24 MP: 7/10
  2269 | D:3      | Found an ornate altar of the Wu Jian Council.
  2293 | D:3      | Noticed Natasha
  2335 | D:3      | Killed Natasha
  2432 | D:3      | Found a runed translucent door.
  2433 | D:3      | Noticed Crazy Yiuf
  2474 | D:3      | Noticed Natasha
  2483 | D:3      | Killed Natasha
  2484 | D:3      | Reached XP level 5. HP: 25/28 MP: 3/11
  2945 | D:3      | Noticed Natasha
  2955 | D:3      | Killed Natasha
  3723 | D:4      | Found a glowing drain.
  3793 | Sewer    | Entered a sewer
  3867 | Sewer    | Learned a level 4 spell: Olgreb's Toxic Radiance
  3908 | Sewer    | Learned a level 2 spell: Blink
  3967 | Sewer    | Noticed Pargi
  3979 | Sewer    | Killed Pargi
  3980 | Sewer    | Reached XP level 6. HP: 18/32 MP: 2/12
  4180 | D:4      | Found a basalt altar of Yredelemnul.
  4345 | D:4      | Reached skill level 5 in Spellcasting
  4656 | D:4      | Reached XP level 7. HP: 36/36 MP: 5/16
  5015 | D:4      | Found a burning altar of Makhleb.
  5020 | D:4      | Found a glowing silver altar of Zin.
  5020 | D:4      | Noticed a balrug
  5020 | D:4      | Noticed an angel
  5206 | D:4      | Found a sparkling altar of Nemelex Xobeh.
  5269 | D:5      | Entered Level 5 of the Dungeon
  5395 | D:5      | Found an ancient bone altar of Kikubaaqudgha.
  5396 | D:5      | Found a blossoming altar of Fedhas.
  5405 | D:5      | Found Roossoev's Hydra Hut.
  5405 | D:5      | Noticed a five-headed hydra
  5524 | D:5      | Reached skill level 1 in Fighting
  5524 | D:5      | Reached skill level 3 in Dodging
  5610 | D:5      | Found a white marble altar of Elyvilon.
  5610 | D:5      | Found an iron altar of Okawaru.
  5611 | D:5      | Found a sacrificial altar of Ru.
  5715 | D:5      | Reached XP level 8. HP: 24/44 MP: 15/22
  5775 | D:5      | Reached skill level 9 in Dodging
  5775 | D:5      | Reached XP level 9. HP: 54/60 MP: 23/23
  5776 | D:5      | Reached skill level 5 in Conjurations
  5776 | D:5      | Reached skill level 5 in Ice Magic
  5776 | D:5      | Reached skill level 5 in Air Magic
  5776 | D:5      | Reached XP level 10. HP: 59/65 MP: 24/24
  6084 | D:5      | Found an opulent altar of Gozag.
  6383 | D:5      | Learned a level 5 spell: Freezing Cloud
  7079 | D:6      | Noticed Dowan
  7090 | D:6      | Killed Dowan
  7130 | D:6      | Noticed Duvessa
  7144 | D:6      | Killed Duvessa
  7382 | D:6      | Found a bloodstained altar of Trog.
  7507 | D:6      | Found a snail-covered altar of Cheibriados.
  7592 | D:6      | Found a staircase to the Ecumenical Temple.
  7859 | D:6      | Noticed lonewolfV2's ghost (novice GrFi)
  7896 | D:6      | Found a transporter.
  7910 | D:6      | Found a transporter.
  8391 | D:8      | HP: 1/65 [wyvern (4)]
  9297 | D:10     | Entered Level 10 of the Dungeon
  9313 | D:10     | Learned a level 1 spell: Apportation
  9374 | D:9      | HP: 3/65 [yak (14)]
  9376 | D:9      | Mangled by a yak

Illustrated notes

Levels and vault maps discovered:
D:1:      lordsloth_arrival_two_stooges, layout_basic,
          chequers_ecumenical_altar_simple
D:2:      layout_loops_ring, uniq_jessica
D:3:      layout_loops_cross, ashenzari_conservatory_becter,
          nzn_wu_jian_council_hall, chequers_serial_rivers_room_a,
          grunt_decor_cap, hangedman_abyss_or_decor_lesser_grid,
          hangedman_decor_peaks_small, minmay_gold_behind_fungi, uniq_natasha,
          uniq_crazy_yiuf_cottage
D:4:      layout_loops_ring, grunt_temple_overflow_order_and_chaos_2,
          yredelemnul_altar_generic, nemelex_dance_club_becter,
          gup_sewer_entry_bubbles
D:5:      layout_loops_ring, grunt_temple_overflow_growth_and_decay,
          nicolae_overflow_quartered_altars, doesnt_shop_hydraphobe
D:6:      layout_gridville, mainiacjoe_overflow_boulevard, slow_altar_1,
          minmay_temple_entry_glass, gammafunk_ghost_hive, uniq_duvessa
D:7:      layout_cave_pools, mainiacjoe_overflow_catwalk, nzn_ghost_randoct
D:8:      layout_cave_pods, gammafunk_ghost_cemetery
D:9:      layout_rooms, minmay_lair_entry_grove,
          gammafunk_ghost_wrathful_warriors, st_stairs_5,
          minmay_splitting_lines, hangedman_decor_opposing, uniq_maurice
D:10:     layout_roguey, serial_park_tiny_pond

Skill      XL: |  1  2  3  4  5  6  7  8  9 10 |
---------------+-------------------------------+-----
Poison Magic   | 4 5 6 7 8 |  8.0
Spellcasting   | 5 8 |  8.0
Fighting       | 1 8 |  8.7
Dodging        | 3 9 |  9.5
Conjurations   | 5 6 |  6.8
Ice Magic      | 5 6 |  6.8
Air Magic      | 5 6 |  6.3
Stealth        | |  2.4
Transmutations | |  1.1

Action                     |  1- 3 |  4- 6 |  7- 9 | 10-12 || total
---------------------------+-------+-------+-------+-------++-------
  Melee: Dagger            |    55 |    70 |    14 |   118 ||   257
         Staff             |       |       |       |     9 ||     9
         Punch             |       |       |       |     3 ||     3
   Cast: Sting             |    33 |       |       |       ||    33
         Poisonous Vapours |    19 |    96 |    17 |    43 ||   175
         Blink             |       |     1 |       |     1 ||     2
         Olgreb's Toxic Ra |       |     2 |     7 |    30 ||    39
         Freezing Cloud    |       |       |       |     7 ||     7
    Use: Potion            |       |       |     2 |     2 ||     4
   Stab: Sleeping          |     1 |     4 |       |       ||     5
 Armour: Robe              |    17 |     7 |     2 |     7 ||    33
  Dodge: Dodged            |    51 |    38 |     9 |   118 ||   216
